 Dungeon Crawl Stone Soup version 0.31-a0-564-g3b7de120b3 (webtiles) character file.

Game seed: 2069197194565136273

4193 Dittersdorf the Fighter (level 10, -5/65 HPs)
             Began as a Gargoyle Fighter on Aug 17, 2023.
             Was a Priest of Okawaru.
             Slain by Joseph
             ... wielding a +0 quarterstaff
              (7 damage)
             ... on level 8 of the Dungeon.
             The game lasted 00:12:22 (7207 turns).

Dittersdorf the Fighter (Gargoyle Fighter)          Turns: 7207, Time: 00:12:23

Health: -5/65      AC: 20    Str: 35    XL:     10   Next: 29%
Magic:  7/10       EV: 12    Int:  9    God:    Okawaru [***...]
Gold:   349        SH:  8    Dex:  9    Spells: 9/9 levels left

rFire   . .          .
                       - Unarmed
rCold   . . .        c - +1 buckler
rNeg    + + +        b - +0 scale mail
rPois   ∞            u - +0 helmet
rElec   +            n - +0 cloak
rCorr   .            (no gloves)
SInv    .            (no boots)
Will    +....        (no amulet)
Stlth   ++           x - +6 ring of strength
HPRegen 0.30/turn    t - ring of Detun {rN+++ Will+ Str+5 Slay-4 Stlth+}
MPRegen 0.12/turn

%: no passive effects
@: heroic
A: sickness immunity, AC +7, negative energy resistance 1, electricity
resistance, torment resistance 1, petrification resistance
a: Renounce Religion, Heroism


You were on level 8 of the Dungeon.
You worshipped Okawaru.
Okawaru was most pleased with you.
You visited 1 branch of the dungeon, and saw 8 of its levels.
You also visited: Sewer and Ossuary.

You collected 536 gold pieces.
You spent 187 gold pieces at shops.

Inventory:

Hand Weapons
 v - a +4 morningstar of freezing
Missiles
 s - a throwing net
Armour
 b - a +0 scale mail (worn)
 c - a +1 buckler (worn)
 n - a +0 cloak (worn)
 u - a +0 helmet (worn)
Jewellery
 h - a ring of ice
 t - the ring of Detun (right hand) {rN+++ Will+ Str+5 Slay-4 Stlth+}
   (You found it on level 6 of the Dungeon)

   [ring of willpower]

   Str+5:     It affects your strength (+5).
   Slay-4:    It affects your accuracy & damage with ranged weapons and melee
   (-4).
   rN+++:     It renders you almost immune to negative energy.
   Will+:     It increases your willpower.
   Stlth+:    It makes you more stealthy.
 x - a +6 ring of strength (left hand)
Wands
 r - a wand of flame (21)
Scrolls
 a - a scroll of blinking
 m - 2 scrolls of teleportation
 o - 3 scrolls of immolation
 p - 2 scrolls of enchant armour
 y - 2 scrolls of fear
 z - 3 scrolls of identify
 A - a scroll of vulnerability
Potions
 d - 4 potions of might
 e - 2 potions of heal wounds
 f - a potion of haste
 g - 3 potions of brilliance
 j - 6 potions of curing
 k - 2 potions of ambrosia
 l - 4 potions of enlightenment
 q - 2 potions of resistance


   Skills:
 + Level 8.8(13.8) Fighting
 + Level 7.6(12.6) Maces & Flails
 + Level 8.7(13.7) Armour
 + Level 8.7(13.7) Shields


You had 9 spell levels left.
You didn't know any spells.
Your spell library contained the following spells:

 Spells                   Type           Power      Damage    Failure   Level
 Apportation              Tloc           0%         N/A       56%         1
 Magic Dart               Conj           0%         1d3       56%         1
 Alistair's Intoxication  Tmut/Pois      0%         N/A       100%        5


Dungeon Overview and Level Annotations

Branches:
Dungeon (8/15)             Temple (0/1) D:5           Sewer (visited)
Ossuary (visited)
   Lair: D:8-11

Altars:
Fedhas
Gozag
Hepliaklqana
Kikubaaqudgha
Makhleb
Nemelex Xobeh
Okawaru
Ru
Sif Muna
Trog
Vehumet
Wu Jian
Yredelemnul
The Shining One

Shops:
D:2 (   D:3 *   D:8 :

Annotations:
D:7 3 runed translucent doors, LeprechaunX's ghost, novice OpSh; SirDiesAlot's ghost, novice OpSh; pokeman's ghost, novice DEHW; ytrimaz's ghost, novice DsSh
D:8 Joseph


Innate Abilities, Weirdness & Mutations

You are immune to sickness and miasma.
Your stone body is resilient. (AC +7)
You are immune to poison.
You resist negative energy. (rN+)
You are resistant to electric shocks. (rElec)
You are resistant to unholy torment.
You are immune to petrification.


Message History

You can no longer speed up your combat.
You block Joseph's attack.
You closely miss Joseph.
Joseph is heavily wounded.
You block Joseph's attack.
You hit Joseph.
Joseph is severely wounded.
Joseph hits you with a +0 quarterstaff.
* * * LOW HITPOINT WARNING * * *
You closely miss Joseph.
Joseph is severely wounded.
Joseph sighs, "Being a guard is usually so boring..."
Joseph hits you with a +0 quarterstaff!
* * * LOW HITPOINT WARNING * * *
You punch Joseph!
Joseph is severely wounded.
Joseph hits you with a +0 quarterstaff.
* * * LOW HITPOINT WARNING * * *
You hit Joseph but do no damage.
Joseph is severely wounded.
You barely miss Joseph.
Joseph is severely wounded.
Joseph barely misses you.
You closely miss Joseph.
Joseph is severely wounded.
You block Joseph's attack.
You closely miss Joseph.
Joseph is severely wounded.
Joseph hits you with a +0 quarterstaff.
* * * LOW HITPOINT WARNING * * *
You closely miss Joseph.
Joseph is severely wounded.
Joseph barely misses you.
You barely miss Joseph.
Joseph is severely wounded.
Joseph hits you but does no damage.
You hit Joseph.
Joseph is almost dead.
Joseph hits you with a +0 quarterstaff!
You die...

##.########......#.....
#...#...##.......#.....
#.8..._.##.......#.....
#...#...##.......#.....
.##########.......+.....
..........'.......#.....
..........#.>.....#.....
..........###...###.....
###+###@### ####.......
#..@....... #.......
#.......... #.......
#[......... #.......
#..(....... #.......
########### #.......
########


You could see Joseph.

Vanquished Creatures
  A wyvern (D:8)
  A steam dragon (D:8)
  Edmund (D:4)
  A water moccasin (D:7)
  A sky beast (D:4)
  2 black bears
  3 ice beasts
  2 ogres
  2 elf zombies (Ossuary)
  8 kobold brigands
  2 bullfrogs
  A gnoll sergeant (D:5)
  4 scorpions
  4 wights (D:7)
  4 killer bees (D:8)
  2 electric eels (D:8)
  4 centaur zombies (Ossuary)
  6 human zombies (Ossuary)
  3 orc priests
  A gnoll bouda (D:7)
  5 hounds
  2 jellies (D:6)
  6 iguanas
  3 sleepcaps
  Crazy Yiuf (D:6)
  4 orc wizards
  3 mummies (Ossuary)
  10 gnolls
  3 river rats (Sewer)
  11 adders
  A shadow imp (D:5)
  An ufetubus (D:5)
  A worm (D:5)
  2 dart slugs (D:4)
  16 orcs
  10 endoplasms
  7 giant cockroaches
  8 goblins
  10 hobgoblins
  4 jackals
  6 quokkas
  9 ball pythons
  5 bats
  3 frilled lizards (D:1)
  41 kobolds
  4 rats
229 creatures vanquished.

Notes
Turn   | Place    | Note
-------+----------+-------------------------------------------
     0 | D:1      | Dittersdorf the Gargoyle Fighter began the quest for the
                  | Orb.
     0 | D:1      | Reached XP level 1. HP: 14/14 MP: 1/1
   160 | D:1      | Reached XP level 2. HP: 19/19 MP: 2/2
   595 | D:1      | Reached XP level 3. HP: 10/23 MP: 3/3
   763 | D:2      | Found Seutuy's Antique Weapon Shop.
  1284 | D:3      | Reached XP level 4. HP: 27/29 MP: 4/4
  1475 | D:3      | Found a glowing drain.
  1513 | Sewer    | Entered a sewer
  1679 | Sewer    | Noticed a kobold brigand
  1712 | Sewer    | Killed a kobold brigand
  1713 | Sewer    | Reached XP level 5. HP: 16/34 MP: 5/5
  1818 | Sewer    | Found a white marble altar of Elyvilon.
  2193 | D:3      | Found Roles Ruh's General Store.
  2216 | D:2      | Bought a smoking whip for 187 gold pieces
  2216 | D:2      | Identified the +5 whip "Beuptaatha" {protect, rElec} (You
                  | bought it in a shop on level 2 of the Dungeon)
  2463 | D:3      | Reached XP level 6. HP: 24/39 MP: 6/6
  2556 | D:4      | Noticed a sky beast
  2572 | D:4      | Killed a sky beast
  2573 | D:4      | Reached skill level 5 in Fighting
  2573 | D:4      | Reached skill level 5 in Shields
  2744 | D:4      | Found an iron altar of Okawaru.
  2750 | D:4      | Found a glowing golden altar of the Shining One.
  2753 | D:4      | Became a worshipper of Warmaster Okawaru
  2759 | D:4      | Found a sparkling altar of Nemelex Xobeh.
  2759 | D:4      | Found a sacrificial altar of Ru.
  2766 | D:4      | Found a burning altar of Makhleb.
  2782 | D:4      | Reached skill level 5 in Armour
  2842 | D:4      | Reached XP level 7. HP: 44/44 MP: 7/7
  2858 | D:4      | Noticed Edmund
  2884 | D:4      | Killed Edmund
  2954 | D:4      | Identified the +7 dagger "Azobiunu" {freeze, Fly rF+}
  3278 | D:5      | Entered Level 5 of the Dungeon
  3370 | D:5      | Reached * piety under Okawaru
  3397 | D:5      | Reached XP level 8. HP: 51/51 MP: 8/8
  3449 | D:5      | Reached skill level 5 in Maces & Flails
  3594 | D:5      | Found a staircase to the Ecumenical Temple.
  3660 | D:5      | Found an opulent altar of Gozag.
  3776 | D:5      | Found a hazy altar of Hepliaklqana.
  3966 | D:5      | Reached ** piety under Okawaru
  4566 | D:6      | Found a runed translucent door.
  4567 | D:6      | Noticed Crazy Yiuf
  4587 | D:6      | Found a bloodstained altar of Trog.
  4604 | D:6      | Reached XP level 9. HP: 49/57 MP: 9/9
  4857 | D:6      | Identified the ring of Detun {rN+++ Will+ Str+5 Slay-4
                  | Stlth+}
  4893 | D:6      | Found a basalt altar of Yredelemnul.
  5247 | D:6      | Killed Crazy Yiuf
  5336 | D:7      | Reached *** piety under Okawaru
  5814 | D:7      | Noticed LeprechaunX's ghost (novice OpSh)
  5816 | D:7      | Found a runed translucent gate.
  5816 | D:7      | Found a runed translucent gate.
  5816 | D:7      | Found a runed translucent gate.
  5816 | D:7      | Noticed SirDiesAlot's ghost (novice OpSh)
  5816 | D:7      | Noticed pokeman's ghost (novice DEHW)
  5816 | D:7      | Noticed ytrimaz's ghost (novice DsSh)
  6132 | D:8      | Found an ancient bone altar of Kikubaaqudgha.
  6138 | D:8      | Found a shimmering blue altar of Sif Muna.
  6140 | D:8      | Found a radiant altar of Vehumet.
  6144 | D:8      | Got Vehumet's Quarto of Arcane Combat
  6229 | D:8      | Found Diurieplic's Self-Improvement Boutique.
  6250 | D:8      | Reached **** piety under Okawaru
  6324 | D:8      | Found a sand-covered staircase.
  6333 | Ossuary  | Entered an ossuary
  6421 | Ossuary  | Reached XP level 10. HP: 56/64 MP: 10/10
  6679 | D:8      | Found a blossoming altar of Fedhas.
  6806 | D:8      | Identified the +5 rapier of Umipaysy {spect, Str+4}
  7119 | D:8      | Found an ornate altar of the Wu Jian Council.
  7169 | D:8      | Noticed Joseph
  7200 | D:8      | HP: 2/65 [Joseph/+0 quarterstaff (6)]
  7207 | D:8      | Slain by Joseph

Illustrated notes

Levels and vault maps discovered:
D:1:      scummos_arrival_checkerplants, layout_basic
D:2:      kennysheep_six_static_rooms, layout_rooms, serial_shops, shop
D:3:      layout_loops_cross, serial_shops, shop, portal_sewer_entry_f,
          minmay_door_square, minmay_diced_spiral
D:4:      layout_loops_ring, nicolae_overflow_hallway_of_the_gods, uniq_edmund
D:5:      layout_loops_cross, nicolae_gozag_cash_rules_everything_around_me,
          nzn_hepliaklqana_mist_gate, minmay_temple_entry_trees, st_stairs_2,
          minmay_joined_circles
D:6:      layout_basic, lemuel_doored_altar, mainiacjoe_overflow_paths,
          uniq_crazy_yiuf_cottage
D:7:      layout_basic, gammafunk_ghost_cemetery
D:8:      layout_gridville, grunt_temple_overflow_magic_moments, fedhas_altar_1,
          nicolae_wu_jian_immortal_techniques, nicolae_ossuary_entry_monument,
          kennysheep_crisscross, nicolae_shop_self_help, uniq_joseph

Skill      XL: |  1  2  3  4  5  6  7  8  9 |
---------------+----------------------------+-----
Shields        | 4 5 7 8 |  8.7
Fighting       | 4 5 7 8 |  8.8
Armour         | 4 5 6 8 |  8.7
Maces & Flails | 3 4 5 7 |  7.6

Action                     |  1- 3 |  4- 6 |  7- 9 | 10-12 || total
---------------------------+-------+-------+-------+-------++-------
  Melee: Flail             |   150 |   111 |   304 |       ||   565
         Whip              |       |    59 |    29 |       ||    88
         Morningstar       |       |       |   145 |   132 ||   277
         Unarmed           |       |       |       |    22 ||    22
  Throw: Dart              |       |    13 |       |     2 ||    15
 Invoke: Heroism           |       |       |     2 |     3 ||     5
    Use: Scroll            |     7 |     3 |     8 |     2 ||    20
 Armour: Scale mail        |   107 |    81 |   319 |    73 ||   580
  Dodge: Dodged            |    85 |    75 |   237 |    54 ||   451
  Block: Buckler           |    44 |    51 |   181 |    40 ||   316

Table legend: (Time is in decaauts)
 A = Elapsed time spent in this place.
 B = Non-inter-level travel time spent in this place.
 C = Inter-level travel time spent in this place.
 D = Time resting spent in this place.
 E = Time spent auto-exploring this place.
 F = Levels seen in this place.
 G = Mean time per level.
                   A        B        C        D        E       F      G
               +--------+--------+--------+--------+--------+-----+--------+
         Total |   7416 |   7222 |    194 |    689 |   4312 |  10 |  741.6 |
       Dungeon |   6663 |   6469 |    194 |    574 |   3997 |   8 |  832.9 |
         Sewer |    401 |    401 |      0 |     66 |    171 |   1 |  401.0 |
       Ossuary |    352 |    352 |      0 |     49 |    144 |   1 |  352.0 |
               +--------+--------+--------+--------+--------+-----+--------+

Top non-repeatable levels by time:
     D:5: 1046 daAuts
     D:6: 1027 daAuts
     D:4: 840 daAuts
     D:3: 827 daAuts
     D:8: 805 daAuts
     D:1: 774 daAuts
     D:7: 772 daAuts
     D:2: 568 daAuts
   Sewer: 401 daAuts
 Ossuary: 352 daAuts
